AoeStats
← 太行山

Arabia

510727411Analyzed
1v1 RM · 2d ago on Oct 2, 2026· 73m 5s· 2 players
Game mode
Random Map
Map size
Tiny (2 player)
Population
200
Speed
Normal
Resources
Standard
Victory
Conquest
Starting age
Dark Age
Ending age
Imperial Age
RankedLock teamsTeams togetherTeam positionsShared explorationLock speedFull tech treeHidden civsTurbo modeCheats
Victory
Defeat
🇨🇳 Varangians · China
1815
+15
🇨🇳 Franks · China
1793
-15
她说我闷骚
6:06 Loom
8:55 Feudal Age
9:36 Double-Bit Axe
17:10 Forging
22:01 Castle Age
20:30 Gold Mining
21:30 Scale Barding Armor
23:05 Chain Barding Armor
24:19 Wheelbarrow
28:54 Bow Saw
29:09 Town Watch
31:00 Light Cavalry
41:39 Hand Cart
41:24 Town Patrol
42:46 Iron Casting
42:01 Fletching
46:43 Imperial Age
44:34 Fletching
45:35 Scale Mail Armor
46:20 Husbandry
48:03 Plate Barding Armor
46:54 Cavalier
48:18 Stone Mining
50:32 Blast Furnace
52:00 Conscription
51:41 Chivalry
52:24 Town Patrol
52:41 Padded Archer Armor
57:27 Chemistry
56:47 Ballistics
57:59 Chain Mail Armor
59:15 Chain Mail Armor
60:50 Plate Mail Armor
61:01 Pikeman
61:27 Gambesons
61:42 Squires
61:27 Arson
61:42 Halberdier
64:13 Man-at-Arms
66:35 Padded Archer Armor
太行山
5:32 Loom
5:47 Loom
8:41 Feudal Age
9:38 Double-Bit Axe
14:15 Horse Collar
20:35 Castle Age
19:36 Bloodlines
19:54 Gold Mining
21:07 Fletching
20:38 Crossbowman
22:03 Bodkin Arrow
23:35 Scale Barding Armor
26:25 Bow Saw
27:41 Bow Saw
29:06 Forging
29:37 Husbandry
33:48 Chain Barding Armor
35:19 Ballistics
35:14 Heavy Plow
35:50 Wheelbarrow
43:57 Imperial Age
42:32 Hand Cart
42:29 Vendel Legacy
44:17 Iron Casting
46:03 Plate Barding Armor
46:44 Chemistry
46:57 Blast Furnace
46:16 Elite Jarl
47:46 Bracer
48:29 Scale Mail Armor
48:31 Light Cavalry
51:09 Hussar
60:25 Vendel Legacy
69:07 Elite Skirmisher
71:21 Chain Mail Armor
71:07 Padded Archer Armor
71:58 Pikeman
71:59 Elite Varangian Guard
72:41 Squires
73:12 Plate Mail Armor
Connection lost

Rejoining the realm…

Still unreachable

The connection could not be restored.

Session expired

The server has moved on; the page needs a fresh start.